 Dungeon Sprint DCSS version 0.28-a0-851-g8b9cc49659 (webtiles) character file.

Game seed: 18129419854386449035

1796 mhtbhm the Protected (level 8, -8/83 HPs)
             Began as a Minotaur Fighter on Nov 15, 2021.
             Was an Initiate of Gozag.
             Shot with an arrow by a centaur warrior (20 damage)
             ... in the Dungeon (Sprint IX: "|||||||||||||||||||||||||||||").
             The game lasted 00:02:21 (832 turns).

mhtbhm the Protected (Minotaur Fighter)              Turns: 832, Time: 00:02:21

Health: -8/83      AC:  9    Str: 24    XL:     8   Next: 83%
Magic:  7/7        EV: 14    Int:  8    God:    Gozag
Gold:   129        SH:  6    Dex:  9    Spells: 7/7 levels left

rFire   . . .      SeeInvis .   a - +2 morningstar (freeze)
rCold   . . .      Faith    .   c - +0 buckler
rNeg    . . .      Spirit   .   b - +2 ring mail
rPois   .          Reflect  .   (helmet restricted)
rElec   .          Harm     .   (no cloak)
rCorr   .          Rampage  .   (no gloves)
Will    .....      NoTele   +   (no boots)
Stlth   ..........              (no amulet)
HPRegen 0.23/turn               m - +3 ring of intelligence
MPRegen 0.10/turn               n - +2 ring of evasion

@: no status effects
A: horns 2, retaliatory headbutt
a: Renounce Religion, Potion Petition, Call Merchant, Bribe Branch


You were in the Dungeon.
You worshipped Gozag.
Gozag was aware of your devotion.
You visited 1 branch You collected 441 gold pieces.
You paid 312 gold pieces to Gozag.

Inventory:

Hand Weapons
 a - a +2 morningstar of freezing (weapon)
Armour
 b - a +2 ring mail (worn)
 c - a +0 buckler (worn)
Jewellery
 m - a +3 ring of intelligence (left hand)
 n - a +2 ring of evasion (right hand)
Wands
 l - a wand of iceblast (10)
Scrolls
 j - a scroll of blinking
 k - 2 scrolls of amnesia
Potions
 d - a potion of might
 e - 2 potions of curing
 g - a potion of haste
 h - 4 potions of magic
 i - a potion of invisibility


   Skills:
 + Level 11.6 Fighting
 + Level 12.1 Maces & Flails
 + Level 12.8 Armour
 + Level 4.0 Dodging
 + Level 0.3 Stealth
 + Level 11.9 Shields


You had 7 spell levels left.
You didn't know any spells.
Your spell library was empty.

Dungeon Overview and Level Annotations

Branches:
Dungeon (1/1)

Altars:
Cheibriados
Dithmenos
Elyvilon
Fedhas
Gozag
Hepliaklqana
Kikubaaqudgha
Makhleb
Nemelex Xobeh
Okawaru
Qazlal
Ru
Sif Muna
Trog
Uskayaw
Vehumet
Wu Jian
Xom
Yredelemnul
Zin
The Shining One
Beogh
Jiyva
Lugonu


Innate Abilities, Weirdness & Mutations

You have a pair of horns on your head.
You reflexively headbutt those who attack you in melee.


Message History

The centaur warrior misses you.
The centaur warrior hits you but does no damage.
The centaur warrior kicks you but does no damage.
You hit the centaur warrior. You freeze the centaur warrior.
You headbutt the centaur warrior!
The centaur warrior is severely wounded.
The catoblepas breathes a plume of calcifying dust at you.
The blast of calcifying dust hits the centaur warrior.
The blast of calcifying dust hits you!
* * * LOW HITPOINT WARNING * * *
The centaur warrior is engulfed in calcifying dust.
The centaur warrior is moving more slowly.
You block the centaur warrior's attack. x2
Unknown command.
You are engulfed in calcifying dust.
You are slowing down.
The centaur warrior is engulfed in calcifying dust.
The centaur warrior stops moving altogether!
Unknown command.
You are engulfed in calcifying dust.
Your limbs have turned to stone.
You have turned to stone.
You are engulfed in calcifying dust. x2
The centaur warrior is engulfed in calcifying dust.
The orc wizard gestures wildly while chanting.
The orc wizard flickers and vanishes!
The centaur warrior is no longer petrified.
The centaur warrior wields a +0 shortbow.
The centaur warrior shoots an arrow.
The arrow hits you!
* * * LOW HITPOINT WARNING * * *
The howler monkey hoots and howls with incredible vigour!
The centaur warrior shoots an arrow.
The arrow hits you!
* * * LOW HITPOINT WARNING * * *
The centaur warrior shoots an arrow.
The arrow hits you!
* * * LOW HITPOINT WARNING * * *
You turn to flesh and can move again.
There is an open door to the Dungeon, spattered with blood here.
You see here a +0 mace.
You feel better.
The centaur warrior shoots an arrow.
The arrow hits you!!
You die...
Your body crumbles into a pile of gold. $$$$$ $$$$$ $ $ $ $$$$$ $ $ ▓▓▓▓▓▓▓▓▓▓▓▓▓▓▓▓▓▓▓▓▓▓▓▓▓▓▓▓▓▓ ______'..).[[[..@.cYO.{h..h... ▓▓▓▓▓▓▓▓▓▓▓▓▓▓▓▓▓▓▓▓▓▓▓▓▓▓▓▓▓▓

You could see a catoblepas, a centaur warrior, a two-headed ogre and a howler monkey.

Vanquished Creatures
  A catoblepas (D)
  A gargoyle (D)
  An unseen horror (D)
  A hornet (D)
  A sky beast (D)
  A centaur (D)
  A phantom (D)
  2 scorpions (D)
  A howler monkey (D)
  A gnoll shaman (D)
  A bat zombie (D)
  2 hobgoblins (D)
  A quokka (D)
  A bat (D)
  A frilled lizard (D)
17 creatures vanquished.

Notes
Turn   | Place    | Note
-------+----------+-------------------------------------------
     0 | D        | mhtbhm the Minotaur Fighter began the quest for the Orb.
     0 | D        | Reached XP level 1. HP: 19/19 MP: 0/0
   100 | D        | Noticed a sky beast
   100 | D        | Noticed a scorpion
   100 | D        | Noticed a scorpion
   100 | D        | Noticed a phantom
   100 | D        | Noticed a gnoll shaman
   107 | D        | Killed a sky beast
   108 | D        | Reached XP level 2. HP: 31/31 MP: 1/1
   108 | D        | Reached XP level 3. HP: 38/38 MP: 2/2
   108 | D        | Reached XP level 4. HP: 45/45 MP: 3/3
   109 | D        | Killed a scorpion
   110 | D        | Reached XP level 5. HP: 52/52 MP: 4/4
   111 | D        | Reached skill level 5 in Maces & Flails
   115 | D        | Killed a phantom
   116 | D        | Reached XP level 6. HP: 62/62 MP: 5/5
   256 | D        | Found a snail-covered altar of Cheibriados.
   256 | D        | Found a shadowy altar of Dithmenos.
   256 | D        | Found a white marble altar of Elyvilon.
   256 | D        | Found a blossoming altar of Fedhas.
   256 | D        | Found an opulent altar of Gozag.
   257 | D        | Found a hazy altar of Hepliaklqana.
   258 | D        | Found a viscous altar of Jiyva.
   259 | D        | Found an ancient bone altar of Kikubaaqudgha.
   260 | D        | Found a corrupted altar of Lugonu.
   261 | D        | Found a burning altar of Makhleb.
   262 | D        | Found a sparkling altar of Nemelex Xobeh.
   263 | D        | Found an iron altar of Okawaru.
   264 | D        | Found a stormy altar of Qazlal.
   265 | D        | Found a sacrificial altar of Ru.
   266 | D        | Found a shimmering blue altar of Sif Muna.
   267 | D        | Found a bloodstained altar of Trog.
   268 | D        | Found a hide-covered altar of Uskayaw.
   274 | D        | Became a worshipper of Gozag Ym Sagoz the Greedy
   280 | D        | Found a radiant altar of Vehumet.
   281 | D        | Found an ornate altar of the Wu Jian Council.
   282 | D        | Found a shimmering altar of Xom.
   283 | D        | Found a basalt altar of Yredelemnul.
   284 | D        | Found a glowing silver altar of Zin.
   285 | D        | Found a glowing golden altar of the Shining One.
   326 | D        | Noticed a gargoyle
   326 | D        | Noticed a hornet
   333 | D        | Killed a gargoyle
   334 | D        | Reached skill level 10 in Fighting
   334 | D        | Reached skill level 1 in Dodging
   334 | D        | Reached skill level 10 in Shields
   334 | D        | Reached XP level 7. HP: 48/72 MP: 6/6
   342 | D        | Killed an unseen horror
   345 | D        | Paralysed by a hornet for 2 turns
   350 | D        | HP: 3/73 [hornet (12)]
   634 | D        | Killed a hornet
   635 | D        | Reached skill level 10 in Maces & Flails
   635 | D        | Reached XP level 8. HP: 82/82 MP: 7/7
   774 | D        | Noticed a catoblepas
   774 | D        | Noticed a centaur warrior
   774 | D        | Noticed a catoblepas
   774 | D        | Noticed a two-headed ogre
   791 | D        | Killed a catoblepas
   831 | D        | HP: 4/83 [centaur warrior/arrow (4)]
   832 | D        | Shot with an arrow by a centaur warrior

Illustrated notes

Levels and vault maps discovered:
D:        linesprint [early_d, line_temple, items_1, d_10, items_2, lair_1,
          lair_end, items_3, orc_1, orc_end, items_4, d_15, swamp_1, shoals_1,
          snake_1, spider_1, d_20, vaults_1, items_5, swamp_end, shoals_end,
          snake_end, spider_end, vaults_end, d_27, items_6, zot_1, zot_end,
          crypt_end, forest_end, elf_end, slime_end, tomb_end, abyss_end,
          pan_hell_end]

Skill      XL: |  1  2  3  4  5  6  7  8 |
---------------+-------------------------+-----
Fighting       | 6 7 8 10 11 | 11.6
Armour         | 6 7 9 11 12 | 12.8
Shields        | 7 9 10 11 | 11.9
Maces & Flails | 4 6 8 10 12 | 12.1
Dodging        | 1 2 4 |  4.0
Stealth        | |  0.3

Action                   |  1- 3 |  4- 6 |  7- 9 || total
-------------------------+-------+-------+-------++-------
Melee: Flail             |    17 |    14 |       ||    31
       Headbutt          |     2 |     9 |    12 ||    23
       Morningstar       |       |     7 |    34 ||    41
Invok: Potion Petition   |       |       |     1 ||     1
  Use: Potion            |     1 |       |     6 ||     7
       Scroll            |       |       |     1 ||     1
Armor: Scale mail        |     8 |     2 |       ||    10
       Ring mail         |       |     1 |    19 ||    20
Dodge: Dodged            |     4 |     7 |    19 ||    30
Block: Buckler           |     4 |     2 |    12 ||    18

Table legend: (Time is in decaauts)
 A = Elapsed time spent in this place.
 B = Non-inter-level travel time spent in this place.
 C = Inter-level travel time spent in this place.
 D = Time resting spent in this place.
 E = Time spent auto-exploring this place.
 F = Levels seen in this place.
 G = Mean time per level.
                   A        B        C        D        E       F      G
               +--------+--------+--------+--------+--------+-----+--------+
         Total |    847 |    847 |      0 |    577 |      0 |   1 |  847.0 |
       Dungeon |    847 |    847 |      0 |    577 |      0 |   1 |  847.0 |
               +--------+--------+--------+--------+--------+-----+--------+

Top non-repeatable levels by time:
       D: 847 daAuts
